 Dungeon Crawl Stone Soup version 0.26.0-20-g3ca415f5b8 (webtiles) character file.

Game seed: 11688453124626446502

1120 Flure the Shield-Bearer (level 8, 0/60 HPs)
             Began as a Formicid Fighter on Jan 24, 2021.
             Was an Initiate of the Shining One.
             Succumbed to Maggie's poison
             ... on level 6 of the Dungeon.
             The game lasted 00:06:42 (4623 turns).

Flure the Shield-Bearer (Formicid Fighter)          Turns: 4623, Time: 00:06:42

Health: 0/60       AC: 10    Str: 25    XL:     8   Next: 60%
Magic:  8/8        EV: 10    Int:  7    God:    the Shining One [......]
Gold:   241        SH: 11    Dex: 15    Spells: 7/7 levels left

rFire    . . .     SeeInvis +   w - +9 mace "Pendulum" {freeze, Str+3 Dex+3}
rCold    . . .     Faith    .   c - +0 kite shield
rNeg     . . .     Spirit   .   b - +0 scale mail
rPois    .         Reflect  .   (helmet unavailable)
rElec    .         Harm     .   x - +0 cloak
rCorr    .         Rampage  .   C - +0 pair of gloves (curse)
Will     .....                  j - +0 pair of boots
Stlth    ..........             (no amulet)
HPRegen  0.20/turn              (no ring)
MPRegen  0.11/turn              (no ring)

@: lethally poisoned (0 -> -7), glowing
A: permanent stasis, dig shafts and tunnels, four strong arms, antennae 3
a: Dig, Shaft Self, Renounce Religion


You were on level 6 of the Dungeon.
You worshipped the Shining One.
The Shining One was noncommittal.
You visited 1 branch of the dungeon, and saw 6 of its levels.

You collected 277 gold pieces.
You spent 36 gold pieces at shops.

Inventory:

Hand Weapons
 a - a +0 long sword
 o - a +0 hunting sling
 w - the +9 mace "Pendulum" (weapon) {freeze, Str+3 Dex+3}
   (You found it on level 4 of the Dungeon)

   It has been specially enchanted to freeze those struck by it, causing extra
   injury to most foes and up to half again as much damage against particularly
   susceptible opponents.
   It can also slow down cold-blooded creatures.
   It affects your strength (+3).
   It affects your dexterity (+3).
 z - a cursed -1 flail
 D - the +3 falchion of Dismay {protect, *Contam Str+6 Stlth+, unknown}
   (You found it on level 6 of the Dungeon)

   It grants its wielder temporary protection when it strikes (+7 to AC).
   It affects your strength (+6).
   It causes magical contamination when unequipped.
   It makes you more stealthy.
Missiles
 n - 4 boomerangs
 v - 41 poisoned darts (quivered)
 y - 25 sling bullets
Armour
 b - a +0 scale mail (worn)
 c - a +0 kite shield (worn)
 j - a +0 pair of boots (worn)
 x - a +0 cloak (worn)
 C - a cursed +0 pair of gloves (worn)
Scrolls
 d - 3 scrolls of identify
 g - 2 scrolls of noise
 k - a scroll of blinking {unknown}
 p - a scroll of magic mapping {unknown}
 s - 5 scrolls of teleportation
 u - a scroll of remove curse
 A - a scroll of fear {unknown}
 B - a scroll of random uselessness {unknown}
Potions
 e - 3 potions of heal wounds
 f - a potion of brilliance {unknown}
 h - 3 potions of curing {unknown}
 i - 2 potions of lignification {unknown}
 l - 2 potions of mutation {unknown}
 m - 3 potions of degeneration {unknown}
 q - 3 potions of flight
 r - 2 potions of cancellation {unknown}
 t - 2 potions of attraction {unknown}


   Skills:
 - Level 4.0 Fighting
 - Level 5.5 Long Blades
 * Level 5.1 Maces & Flails
 + Level 1.3 Throwing
 - Level 3.4 Armour
 - Level 2.0 Dodging
 - Level 1.0 Stealth
 + Level 6.5 Shields


You had 7 spell levels left.
You didn't know any spells.
Your spell library was empty.

Dungeon Overview and Level Annotations

Branches:
Dungeon (6/15)             Temple (0/1) D:5

Altars:
Gozag
Kikubaaqudgha
Okawaru
Sif Muna
Trog
Xom
The Shining One

Shops:
D:4 *


Innate Abilities, Weirdness & Mutations

You cannot be hasted, slowed, berserked, paralysed or teleported.
You can dig through walls and to a lower floor.
Your four strong arms can wield two-handed weapons with a shield.
You have a pair of large antennae on your head. (SInv)


Message History

You feel sick. Maggie hits you but does no damage.
You hit Maggie. You freeze Maggie.
Maggie is moderately wounded.
You feel sick. Maggie closely misses you.
You sock Maggie! You freeze Maggie.
Maggie is heavily wounded.
Maggie hits you with a +1 glaive of venom!
You are more poisoned.
You hit Maggie. You freeze Maggie.
Maggie is severely wounded.
You feel sick. You block Maggie's attack.
You hit Maggie. You freeze Maggie.
Maggie is severely wounded.
You feel sick.
Maggie points at you and mumbles some strange words.
The bolt of fire hits you!!
* * * LOW HITPOINT WARNING * * *
You bludgeon Maggie!! You freeze Maggie.
You kill Maggie!
You die...

...# . #.
######..##.#. #.
#..?......... ###.#
#.......#.... #....
#.....[.....
#....##.........#
.##....#<...)..#
............@..#
##....).##)####
#....#....#
.....<.###.(# .####..
#.....###........
......#......... ....
.....................(
................. .."
#.............(.@....


There were no monsters in sight!

Vanquished Creatures
  Maggie (D:6)
  Sigmund (D:2)
  An orc warrior (D:5)
  A sky beast (D:5)
  A centaur (D:6)
  An ogre (D:6)
  A scorpion (D:4)
  A howler monkey (D:5)
  2 crimson imps (D:3)
  A hound (D:5)
  An orc wizard (D:5)
  Crazy Yiuf (D:4)
  Natasha (thrice) (D:4)
  4 worker ants
  8 adders
  An ooze (D:1)
  3 worms
  A dart slug (D:3)
  6 leopard geckos
  8 orcs
  3 giant cockroaches
  11 hobgoblins
  11 jackals
  2 quokkas
  4 ball pythons
  10 bats
  6 frilled lizards
  9 goblins
  6 kobolds
  8 rats
117 creatures vanquished.

Notes
Turn   | Place    | Note
-------+----------+-------------------------------------------
     0 | D:1      | Flure the Formicid Fighter began the quest for the Orb.
     0 | D:1      | Reached XP level 1. HP: 18/18 MP: 1/1
   344 | D:1      | Reached XP level 2. HP: 17/24 MP: 2/2
   466 | D:1      | Reached skill level 4 in Shields
   564 | D:1      | Reached XP level 3. HP: 29/29 MP: 3/3
  1166 | D:2      | Noticed Sigmund
  1173 | D:2      | Reached skill level 1 in Dodging
  1187 | D:2      | Killed Sigmund
  1188 | D:2      | Reached skill level 1 in Stealth
  1188 | D:2      | Reached XP level 4. HP: 28/37 MP: 4/4
  1188 | D:2      | Reached XP level 5. HP: 32/42 MP: 5/5
  1188 | D:2      | Reached XP level 6. HP: 36/48 MP: 6/6
  2067 | D:3      | Reached skill level 5 in Shields
  2336 | D:3      | Found a shimmering altar of Xom.
  2355 | D:3      | Reached skill level 5 in Long Blades
  2360 | D:3      | Reached XP level 7. HP: 52/53 MP: 7/7
  2963 | D:4      | Found a runed translucent door.
  2964 | D:4      | Noticed Crazy Yiuf
  3044 | D:4      | Killed Crazy Yiuf
  3051 | D:4      | Got a jewelled mace
  3462 | D:4      | Identified the +9 mace "Pendulum" {freeze, Str+3 Dex+3}
                  | (You found it on level 4 of the Dungeon)
  3519 | D:4      | Noticed Natasha
  3521 | D:4      | Killed Natasha
  3525 | D:4      | Noticed Natasha
  3532 | D:4      | Killed Natasha
  3553 | D:4      | Found Saihol's General Store.
  3557 | D:4      | Bought a potion of flight for 36 gold pieces
  3613 | D:4      | Noticed Natasha
  3622 | D:4      | Killed Natasha
  3623 | D:4      | Reached skill level 1 in Maces & Flails
  3655 | D:4      | Found an opulent altar of Gozag.
  3662 | D:4      | Found a shimmering blue altar of Sif Muna.
  3662 | D:4      | Found a bloodstained altar of Trog.
  3668 | D:4      | Found an iron altar of Okawaru.
  3675 | D:4      | Found a glowing golden altar of the Shining One.
  3866 | D:4      | Became a worshipper of the Shining One
  3903 | D:5      | Entered Level 5 of the Dungeon
  3965 | D:5      | Found an ancient bone altar of Kikubaaqudgha.
  3983 | D:5      | Reached skill level 1 in Throwing
  4009 | D:5      | Reached skill level 6 in Shields
  4009 | D:5      | Reached XP level 8. HP: 60/60 MP: 8/8
  4344 | D:5      | Found a staircase to the Ecumenical Temple.
  4539 | D:6      | Noticed Maggie
  4588 | D:6      | Got a faintly glowing falchion
  4616 | D:6      | Reached skill level 5 in Maces & Flails
  4622 | D:6      | HP: 1/60 [Maggie/bolt of fire (18)]
  4623 | D:6      | Killed Maggie
  4623 | D:6      | Succumbed to Maggie's poison

Illustrated notes

Levels and vault maps discovered:
D:1:      evilmike_arrival_plus, layout_loops_ring, serial_bayou_pond_e,
          minmay_misc_feat_secret_circle
D:2:      layout_loops_cross, uniq_sigmund
D:3:      layout_loops_ring, led_xom_imps
D:4:      layout_basic, minmay_overflow_temple_star_hex, serial_shops, shop,
          uniq_natasha, uniq_crazy_yiuf_cottage
D:5:      layout_loops_ring, kiku_gazebo_garden_becter, temple_hall
D:6:      layout_rooms, cheibrodos_sewer_entry_bend, uniq_maggie

Skill      XL: |  1  2  3  4  5  6  7  8 |
---------------+-------------------------+-----
Shields        | 4 5 6 |  6.5
Dodging        | 1 2 |  2.0
Long Blades    | 4 5 |  5.5
Stealth        | 1 |  1.0
Fighting       | 4 |  4.0
Maces & Flails | 2 5 |  5.1
Throwing       | 1 |  1.3
Armour         | |  3.4

Action                   |  1- 3 |  4- 6 |  7- 9 || total
-------------------------+-------+-------+-------++-------
Melee: Long sword        |    86 |   119 |    73 ||   278
       Mace              |       |       |    77 ||    77
Throw: Boomerang         |     4 |     5 |       ||     9
       Dart              |       |       |     4 ||     4
 Abil: Dig               |       |     1 |     2 ||     3
  Use: Potion            |     2 |       |       ||     2
       Scroll            |       |       |     3 ||     3
Armor: Scale mail        |    43 |    40 |    52 ||   135
Dodge: Dodged            |    39 |    39 |    49 ||   127
Block: Kite shield       |    51 |    51 |    87 ||   189
       Rpst.: Long sword |    15 |    15 |     7 ||    37
